 Dungeon Crawl Stone Soup version 0.28.0 (webtiles) character file.

Game seed: 9679553435825163742

74 zeram the Ducker (level 4, 0/25 (31) HPs)
             Began as an Octopode Fighter on Feb 13, 2022.
             Slain by Terence (6 damage)
             ... on level 2 of the Dungeon.
             The game lasted 00:02:03 (1426 turns).

zeram the Ducker (Octopode Fighter)                 Turns: 1426, Time: 00:02:04

HP:   0/25 (31)     AC:  1    Str: 15    XL:     4   Next: 28%
MP:   4/4           EV: 17    Int: 12    God:
Gold: 62            SH:  4    Dex: 11    Spells: 3/3 levels left

rFire   . . .      SeeInvis .   h - +0 flail
rCold   . . .      Faith    .   b - +0 buckler
rNeg    . . .      Spirit   .   (helmet restricted)
rPois   .          Reflect  .   (no amulet)
rElec   .          Harm     .   d - +4 ring of evasion
rCorr   .          Rampage  .   (no ring)
Will    .....                   (no ring)
Stlth   ++........              (no ring)
HPRegen 0.08/turn               (no ring)
MPRegen 0.09/turn               (no ring)
                                (no ring)
                                (no ring)

@: mighty, heavily drained
A: almost no armour, amphibious, 8 rings, camouflage 1, gelatinous body 1,
(nimble swimmer 1), tentacles
a: no special abilities


You were on level 2 of the Dungeon.
You visited 1 branch of the dungeon, and saw 2 of its levels.

You collected 62 gold pieces.

Inventory:

Hand Weapons
 a - a +0 rapier
 h - a +0 flail (weapon)
Armour
 b - a +0 buckler (worn)
Jewellery
 d - a +4 ring of evasion (left tentacle)
 f - a ring of willpower
Potions
 e - 2 potions of lignification


   Skills:
 - Level 3.0 Fighting
 - Level 2.0 Short Blades
 + Level 4.2 Dodging
 + Level 4.0 Shields


You had 3 spell levels left.
You didn't know any spells.
Your spell library contained the following spells:

 Spells                   Type           Power      Damage    Failure   Level
 Shock                    Conj/Air       0%         1d3       38%         1
 Swiftness                Air            0%         N/A       77%         3
 Airstrike                Air            0%         N/A       99%         4


Dungeon Overview and Level Annotations

Branches:
Dungeon (2/15)

Altars:

Shops:
D:2 =(!

Annotations:
D:2 Terence


Innate Abilities, Weirdness & Mutations

You cannot wear most types of armour.
You are amphibious.
You can wear up to eight rings at the same time.
Your skin changes colour to match your surroundings (Stealth+).
Your rubbery body absorbs attacks. (AC +1, EV +1)
((You are camouflaged when in or above water. (Stealth+)))
You have tentacles for arms and can constrict up to eight enemies at once.


Message History

You constrict the ball python. The ball python misses you.
The ball python grabs you. The ball python constricts you.
You sock the ball python!
You kill the ball python!
No target in view!
No target in view!
Found a stone staircase leading up.
There is an entrance to Fir Hetu's Distillery here.
You can access your shopping list by pressing '$'.
You open the door.
Terence the Incautious comes into view.
He is wielding a +0 hand axe of draining.
Found Ocvikkoe's Weapon Emporium.
Terence is nearby!
Terence is nearby!
Terence is nearby!
Terence shouts!
There is an open door here.
Terence hits you with a +0 hand axe of draining!
You feel drained.
You hit Terence but do no damage. You grab Terence. You squeeze Terence!
Terence is moderately wounded.
You constrict Terence.
Terence drinks a potion.
Terence goes berserk!
You hit Terence.
Terence is heavily wounded.
You constrict Terence. Terence barely misses you.
Terence hits you but does no damage.
You feel drained.
You hit Terence but do no damage. You squeeze Terence.
Terence is severely wounded.
You constrict Terence.
Terence hits you with a +0 hand axe of draining!
You feel drained.
Terence hits you with a +0 hand axe of draining.
* * * LOW HITPOINT WARNING * * *
You feel drained.
* * * LOW HITPOINT WARNING * * *
Terence completely misses you.
You feel very mighty all of a sudden.
You constrict Terence.
Terence hits you with a +0 hand axe of draining.
You die...

#+# #.# ##.## .∩.
#@##### #@#...#
##'#..## #.#..#..#
#.......#
###########.#####.#
##..................
.........###.#######
##.#####≈≈≈#.#
###.###.≈≈≈≈≈.#


You could see Terence (berserk).

Vanquished Creatures
  An adder (D:2)
  3 gnolls (D:2)
  A dart slug (D:2)
  3 ball pythons
  2 bats (D:1)
  4 endoplasms
  3 giant cockroaches
  6 goblins (D:1)
  2 hobgoblins (D:1)
  A quokka (D:1)
  A frilled lizard (D:1)
  5 rats
32 creatures vanquished.

Notes
Turn   | Place    | Note
-------+----------+-------------------------------------------
     0 | D:1      | zeram the Octopode Fighter began the quest for the Orb.
     0 | D:1      | Reached XP level 1. HP: 16/16 MP: 1/1
     2 | D:1      | Noticed a draconian
     4 | D:1      | Noticed a minotaur zombie
     4 | D:1      | Noticed a human
    11 | D:1      | Noticed an elf
    13 | D:1      | Noticed a vine stalker
    15 | D:1      | Noticed a formicid
    15 | D:1      | Noticed a formicid
    17 | D:1      | Noticed a dwarf
    19 | D:1      | Noticed a spriggan
    21 | D:1      | Noticed a minotaur
   116 | D:1      | Reached XP level 2. HP: 16/21 MP: 2/2
   391 | D:1      | Found a faded altar of an unknown god.
  1021 | D:1      | Reached XP level 3. HP: 26/26 MP: 3/3
  1272 | D:2      | Found Gogaph's Jewellery Shoppe.
  1324 | D:2      | Reached XP level 4. HP: 28/31 MP: 4/4
  1369 | D:2      | Found Fir Hetu's Distillery.
  1420 | D:2      | Found Ocvikkoe's Weapon Emporium.
  1420 | D:2      | Noticed Terence
  1426 | D:2      | Slain by Terence

Illustrated notes

Levels and vault maps discovered:
D:1:      shiori_arrival_whats_in_store_for_you, layout_loops_corners,
          ebering_ecumenical_altar_abandoned
D:2:      layout_basic, serial_curves, eino_curves_04, eino_curves_02,
          eino_curves_03, eino_curves_02, serial_shops,
          nicolae_shop_hallway_plus, nicolae_shop_waterfront,
          nicolae_square_shop, shop_statue, nicolae_lakefront_shop,
          uniq_terence, uniq_natasha

Skill      XL: |  1  2  3  4 |
---------------+-------------+-----
Dodging        | 4 |  4.2
Shields        | 4 |  4.0
Fighting       | |  3.0
Short Blades   | |  2.0

Action                   |  1- 3 |  4- 6 || total
-------------------------+-------+-------++-------
Melee: Rapier            |    56 |     5 ||    61
       Constrict         |    15 |     3 ||    18
       Tentacles         |    12 |     4 ||    16
       Punch             |     1 |       ||     1
       Flail             |       |     7 ||     7
  Use: Scroll            |       |     1 ||     1
       Potion            |       |     1 ||     1
 Stab: Sleeping          |     2 |       ||     2
Armor: Skin              |     4 |     1 ||     5
Dodge: Dodged            |    26 |     9 ||    35
Block: Buckler           |     9 |       ||     9
